 Dungeon Crawl Stone Soup version 0.28-a0-1117-g0bdd5ba030 (webtiles) character file.

Game seed: 278314487381476976

57 SensoryNuts the Slasher (level 3, -1/27 HPs)
             Began as a Demonspawn Gladiator on Dec 11, 2021.
             Slain by a hobgoblin (4 damage)
             ... led by Robin
             ... on level 2 of the Dungeon.
             The game lasted 00:01:43 (1308 turns).

SensoryNuts the Slasher (Demonspawn Gladiator)      Turns: 1308, Time: 00:01:43

Health: -1/27      AC:  4    Str: 16    XL:     3   Next: 73%
Magic:  3/3        EV: 17    Int:  9    God:
Gold:   100        SH:  0    Dex: 20    Spells: 2/2 levels left

rFire   . . .      SeeInvis .   a - +0 long sword
rCold   . . .      Faith    .   (no shield)
rNeg    . . .      Spirit   .   b - +0 leather armour
rPois   .          Reflect  .   c - +0 helmet
rElec   .          Harm     .   (no cloak)
rCorr   .          Rampage  .   (no gloves)
Will    .....                   (no boots)
Stlth   ++........              f - amulet of magic regeneration
HPRegen 0.09/turn               e - +4 ring of evasion
MPRegen 0.48/turn               h - +6 ring of dexterity

@: no status effects
A: hooves 1
a: no special abilities


You were on level 2 of the Dungeon.
You visited 1 branch of the dungeon, and saw 2 of its levels.

You collected 100 gold pieces.

Inventory:

Hand Weapons
 a - a +0 long sword (weapon)
Missiles
 d - 3 throwing nets (quivered)
Armour
 b - a +0 leather armour (worn)
 c - a +0 helmet (worn)
Jewellery
 e - a +4 ring of evasion (left hand)
 f - an amulet of magic regeneration (around neck)
 h - a +6 ring of dexterity (right hand)
Scrolls
 g - a scroll of acquirement {unknown}
 j - a scroll of identify {unknown}
Potions
 i - a potion of heal wounds {unknown}


   Skills:
 + Level 2.3 Fighting
 + Level 3.3 Long Blades
 + Level 2.0 Throwing
 + Level 0.9 Armour
 + Level 3.1 Dodging
 + Level 0.4 Stealth


You had 2 spell levels left.
You didn't know any spells.
Your spell library was empty.

Dungeon Overview and Level Annotations

Branches:
Dungeon (2/15)

Altars:

Annotations:
D:2 1 runed translucent door, Crazy Yiuf, Robin


Innate Abilities, Weirdness & Mutations

You have large cloven feet.


Message History

A goblin comes into view. It is wielding a +0 club.
The adder closely misses you.
You closely miss the adder.
The goblin shouts!
You kick the adder.
You kill the adder!
You hear a shout!
A goblin comes into view. It is wielding a +0 dagger.
You closely miss the goblin. Robin throws the goblin at you!
The goblin hits you but does no damage.
You hit the goblin.
You kill the goblin!
The goblin hits you with a +0 dagger of electrocution.
You are electrocuted!!
Ouch! That really hurt!
* * * LOW HITPOINT WARNING * * *
A goblin comes into view. It is wielding a +0 club.
The goblin barely misses you. The goblin hits you but does no damage.
Okay, then.
Okay, then.
The goblin hits you with a +0 dagger.
* * * LOW HITPOINT WARNING * * *
The goblin closely misses you.
You closely miss the goblin. You kick the goblin.
The goblin is heavily wounded.
The goblin completely misses you.
You closely miss the goblin.
The goblin is heavily wounded.
Number of times to repeat, then command key: You must enter the number of times for the command to repeat.
The goblin misses you.
You hit the goblin but do no damage. You kick the goblin.
You kill the goblin!
The hobgoblin closely misses you. Robin throws the goblin at you!
* * * LOW HITPOINT WARNING * * *
You completely miss the hobgoblin. You kick the hobgoblin.
The hobgoblin is moderately wounded.
The hobgoblin hits you.
You die...

..# #....# #g..#...... ..♣
#....# +...'....[. ..♣
#....# #.g.#...K.. .♣♣
#<..)## ##..K##..... ♣.♣
#.....## #...gg# ...# .♣♣
#......#####.###.####### .♣
#...†.......####g##....# ♣♣
#......#######ggr...#### #
#......####g@gg#....## .
#...........#######..# .#
#......###### ##.### .#
#......#### #...### ##
##........############.(.###
########............###...##
############........#
##########


You could see Robin, a hobgoblin, 4 goblins and a rat.

Vanquished Creatures
  2 adders (D:2)
  4 bats
  3 endoplasms
  2 giant cockroaches (D:1)
  6 goblins
  3 hobgoblins
  3 kobolds (D:1)
  A quokka (D:1)
  5 ball pythons (D:1)
  A frilled lizard (D:1)
  6 rats
36 creatures vanquished.

Notes
Turn   | Place    | Note
-------+----------+-------------------------------------------
     0 | D:1      | SensoryNuts the Demonspawn Gladiator began the quest for
                  | the Orb.
     0 | D:1      | Reached XP level 1. HP: 16/16 MP: 1/1
   203 | D:1      | Discovered your monstrous ancestry.
   203 | D:1      | Gained mutation: You have large cloven feet. [demonic
                  | ancestry]
   203 | D:1      | Reached XP level 2. HP: 21/22 MP: 2/2
   972 | D:2      | Reached XP level 3. HP: 27/27 MP: 3/3
  1073 | D:2      | Found a runed translucent door.
  1074 | D:2      | Noticed Crazy Yiuf
  1294 | D:2      | Noticed Robin
  1308 | D:2      | Slain by a hobgoblin

Illustrated notes

Levels and vault maps discovered:
D:1:      lightli_arrival_statue_moat, layout_loops_cross
D:2:      kennysheep_six_static_rooms, layout_rooms,
          chequers_serial_rivers_large_a, roderic_serpentine_path, uniq_robin,
          uniq_crazy_yiuf_cottage, uniq_sigmund

Skill      XL: |  1  2 |
---------------+-------+-----
Dodging        | 3 |  3.1
Throwing       | 2 |  2.0
Long Blades    | 3 |  3.3
Fighting       | |  2.3
Armour         | |  0.9
Stealth        | |  0.4

Action                   || total
-------------------------++-------
Melee: Long sword        ||    82
       Kick              ||    16
 Stab: Sleeping          ||     2
Armor: Leather armour    ||    23
Dodge: Dodged            ||    92

Table legend: (Time is in decaauts)
 A = Elapsed time spent in this place.
 B = Non-inter-level travel time spent in this place.
 C = Inter-level travel time spent in this place.
 D = Time resting spent in this place.
 E = Time spent auto-exploring this place.
 F = Levels seen in this place.
 G = Mean time per level.
                   A        B        C        D        E       F      G
               +--------+--------+--------+--------+--------+-----+--------+
         Total |   1329 |   1329 |      0 |      0 |   1025 |   2 |  664.5 |
       Dungeon |   1329 |   1329 |      0 |      0 |   1025 |   2 |  664.5 |
               +--------+--------+--------+--------+--------+-----+--------+

Top non-repeatable levels by time:
     D:1: 928 daAuts
     D:2: 400 daAuts
